 Dungeon Crawl Stone Soup version 0.25-a0-302-g9f758675c1 (webtiles) character file.

Game seed: 4031709318803527953, levelgen mode: deterministic

4512 RedPan the Thaumaturge (level 10, -4/78 HPs)
             Began as a Black Draconian Ice Elementalist on Dec 20, 2019.
             Was a Believer of Sif Muna.
             Slain by a troll (8 damage)
             ... on level 9 of the Dungeon.
             The game lasted 00:28:17 (10062 turns).

RedPan the Thaumaturge (DrIE)                      Turns: 10062, Time: 00:28:17

Health: -4/78      AC: 11    Str: 11    XL:     10   Next: 16%
Magic:  4/22       EV: 16    Int: 18    God:    Sif Muna [**....]
Gold:   65         SH:  0    Dex: 17    Spells: 13/25 levels left

rFire    . . .     SeeInvis .   f - +1 whip (venom)
rCold    . . .     Gourm    .   (no shield)
rNeg     . . .     Faith    .   (armour unavailable)
rPois    .         Spirit   .   (helmet restricted)
rElec    +         Reflect  .   t - scarf {cloud immunity}
rCorr    .         Harm     .   g - +2 pair of gloves
MR       +....                  r - +0 pair of boots
Stlth    ++........             d - amulet of magic regeneration
HPRegen  0.23/turn              k - +5 ring of dexterity
MPRegen  0.43/turn              p - ring of protection from magic

@: no status effects
A: breathe lightning, unfitting armour, electricity resistance, cold-blooded, AC
+7
a: Breathe Lightning, Channel Magic, Renounce Religion


You were on level 9 of the Dungeon.
You worshipped Sif Muna.
Sif Muna was pleased with you.
You were not hungry.

You visited 2 branches of the dungeon, and saw 10 of its levels.

You collected 461 gold pieces.
You spent 396 gold pieces at shops.

Inventory:

Hand Weapons
 f - a +1 whip of venom (weapon)
 o - a +2 dagger of protection
Armour
 g - a +2 pair of gloves (worn)
 r - a +0 pair of boots (worn)
 t - a scarf of cloud immunity (worn)
Jewellery
 d - an amulet of magic regeneration (around neck)
 k - a +5 ring of dexterity (left hand)
 p - a ring of protection from magic (right hand)
 D - an uncursed ring of resist corrosion
Wands
 s - a wand of paralysis (9)
 v - a wand of clouds (4)
 z - a wand of enslavement (14)
Scrolls
 n - 3 scrolls of teleportation
 q - 2 scrolls of enchant weapon
 u - 2 scrolls of magic mapping
 w - 2 scrolls of remove curse
 y - a scroll of enchant armour
 B - a scroll of acquirement {unknown}
 C - a scroll of identify
 E - a scroll of fear
Potions
 a - 3 potions of curing {unknown}
 c - 2 potions of might {unknown}
 e - 2 potions of ambrosia {unknown}
 h - 4 potions of brilliance {unknown}
 i - 2 potions of berserk rage
 j - 2 potions of haste {unknown}
 l - 4 potions of mutation
 m - 9 potions of heal wounds {unknown}
 x - a potion of lignification {unknown}
Comestibles
 b - 14 rations


   Skills:
 - Level 4.0 Fighting
 + Level 5.8 Dodging
 - Level 2.0 Stealth
 + Level 8.0 Spellcasting
 - Level 5.0 Conjurations
 - Level 5.1 Summonings
 - Level 7.0 Ice Magic
 + Level 2.8 Invocations


You had 13 spell levels left.
You knew the following spells:

 Your Spells              Type           Power        Failure   Level  Hunger
a - Freeze                Ice            ####         1%          1    None
b - Summon Ice Beast      Ice/Summ       ####....     9%          4    ###....
c - Hailstorm             Conj/Ice       ####....     9%          4    ###....
d - Ozocubu's Armour      Chrm/Ice       ###.....     7%          3    #......

Your spell library contained the following spells:

 Spells                   Type           Power        Failure   Level  Hunger


Dungeon Overview and Level Annotations

Branches:
Dungeon (9/15)             Temple (1/1) D:6            Lair (0/6) D:9
    Orc: D:9-12

Altars:
Ashenzari
Cheibriados
Dithmenos
Elyvilon
Fedhas
Gozag
Hepliaklqana
Kikubaaqudgha
Makhleb
Nemelex Xobeh
Okawaru
Qazlal
Ru
Sif Muna
Trog
Uskayaw
Vehumet
Wu Jian
Xom
Yredelemnul
Zin
The Shining One
Beogh

Shops:
D:5 ?   D:6 *


Innate Abilities, Weirdness & Mutations

You can breathe wild blasts of lightning.
Your glossy black scales are hard. (AC +7)
You cannot fit into any form of body armour.
You are resistant to electric shocks. (rElec)
You are cold-blooded and may be slowed by cold attacks.


Message History

The basilisk barely misses your ice beast.
Your ice beast barely misses the troll.
Your ice beast hits the basilisk but does no damage.
Your ice beast hits the basilisk but does no damage.
The basilisk gazes at you. You resist with almost no effort.
Casting: Summon Ice Beast (safe; 9% risk of failure)
Confirm with . or Enter, or press ? or * to list all spells.
A chill wind blows around you. The troll bites you!
* * * LOW HITPOINT WARNING * * *
The troll claws you!
* * * LOW HITPOINT WARNING * * *
The troll claws you but does no damage.
Your ice beast hits the basilisk.
Your ice beast freezes the basilisk.
Your ice beast barely misses the troll.
Your magical contamination has completely faded away.
Unknown command.
The basilisk gazes at you. You resist with almost no effort.
The troll barely misses you. x2
The troll claws you!
You die...

.P.P...♣.P.. <.......##...
..........####.##...(####.
..P.....P......##....)..#.
.P........####.######...#.
.....PP............÷..)...
...........#..............
##....##....##............
##### ##...#.#..........#
#@Y..#.##......##.
#T....##.#....#.##
#>.Y.l#.#.#(.#.#.#
##...Y.#.##..##.#.
......##.... #..
................
................ ......#
..##.. .....#. .##.#.


You could see a troll, a basilisk and 3 friendly ice beasts.

Vanquished Creatures
  A yak (D:9)
  An acid dragon (D:8)
  A water moccasin (D:8)
  2 sky beasts
  A black bear (D:6)
  3 centaurs
  An ogre (D:4)
  2 bullfrogs
  Dowan (D:5)
  A gnoll sergeant (D:8)
  2 centaur zombies
  5 crimson imps
  5 jellies
  An orc priest (D:8)
  3 hounds
  A bullfrog skeleton (D:4)
  2 orc wizards
  An iguana (D:8)
  3 worker ants
  A hound skeleton (D:7)
  6 adders
  2 shadow imps (D:5)
  An ooze (D:6)
  An adder skeleton (D:7)
  2 adder zombies (D:6)
  2 worms
  4 dart slugs
  10 leopard geckos
  23 orcs
  A ball python (D:5)
  4 giant cockroaches
  8 goblins
  5 hobgoblins
  4 jackals (D:1)
  4 kobolds
  4 quokkas
  A ball python skeleton (D:5)
  8 bats
  5 frilled lizards
  A leopard gecko zombie (D:9)
  11 rats
145 creatures vanquished.

Vanquished Creatures (collateral kills)
  2 two-headed ogres (D:8)
  Grinder (D:6)
  Prince Ribbit (D:9)
  Eustachio (D:5)
  A yak (D:9)
  A basilisk (D:9)
  A hungry ghost (D:7)
  The ghost of astraldaughter the Conjurer, an amateur DsCj (D:3)
  Duvessa (D:5)
  A porcupine (D:9)
  An orc warrior (D:8)
  A sky beast (D:9)
  2 ice beasts (D:9)
  2 black bears (D:9)
  4 ogres
  A phantom (D:4)
  A wolf (D:9)
  2 centaurs
  A crocodile (D:9)
  A bullfrog (D:7)
  2 scorpions
  A howler monkey (D:6)
  A crimson imp (D:6)
  2 quasits (D:7)
  2 hounds (D:4)
  A jelly (D:8)
  2 orc priests
  4 orc wizards
  6 worker ants
  A hound zombie (D:9)
  A worker ant zombie (D:7)
  4 gnolls (D:8)
  7 oozes
  An adder skeleton (D:6)
  19 orcs
  A quokka (D:9)
82 creatures vanquished.

Vanquished Creatures (others)
  3 fungi (D:9)
  A plant (D:9)
4 creatures vanquished.

Grand Total: 231 creatures vanquished

Notes
Turn   | Place    | Note
-------+----------+-------------------------------------------
     0 | D:1      | RedPan the Draconian Ice Elementalist began the quest for
                  | the Orb.
     0 | D:1      | Reached XP level 1. HP: 14/14 MP: 3/3
   314 | D:1      | Reached XP level 2. HP: 20/20 MP: 0/5
   883 | D:1      | Reached XP level 3. HP: 24/26 MP: 1/6
  1230 | D:2      | Reached skill level 3 in Spellcasting
  1276 | D:2      | Reached XP level 4. HP: 30/33 MP: 5/8
  1282 | D:2      | Learned a level 4 spell: Summon Ice Beast
  1287 | D:2      | Learned a level 4 spell: Hailstorm
  1407 | D:2      | Found a faded altar of an unknown god.
  1556 | D:2      | Reached skill level 1 in Summonings
  1556 | D:2      | Reached skill level 5 in Ice Magic
  1911 | D:2      | Found a shadowy altar of Dithmenos.
  1913 | D:2      | Found a hide-covered altar of Uskayaw.
  1916 | D:2      | Reached XP level 5. HP: 38/38 MP: 8/10
  1918 | D:2      | Found a blossoming altar of Fedhas.
  1959 | D:2      | Found an opulent altar of Gozag.
  1961 | D:2      | Found an iron altar of Okawaru.
  2042 | D:3      | Found a runed translucent gate.
  2042 | D:3      | Found a runed translucent gate.
  2042 | D:3      | Found a runed translucent gate.
  2042 | D:3      | Noticed astraldaughter's ghost (amateur DsCj)
  2043 | D:3      | Identified the cursed +0 scale mail of Podaseugh {rC+++
                  | Str-2 Int-5 Stlth+}
  2226 | D:3      | You fall into a shaft and drop 2 floors!
  2226 | D:5      | Entered Level 5 of the Dungeon
  2365 | D:5      | Found Milyo's Magic Scroll Boutique.
  2373 | D:5      | Bought a scroll of identify for 26 gold pieces
  2373 | D:5      | Bought a scroll of teleportation for 39 gold pieces
  2373 | D:5      | Bought a scroll of enchant weapon for 97 gold pieces
  2423 | D:5      | Noticed Eustachio
  2658 | D:4      | Noticed an ogre
  2711 | D:3      | Found a shattered altar of Ashenzari.
  3520 | D:3      | Found a roughly hewn altar of Beogh.
  3546 | D:3      | Killed astraldaughter's ghost
  3546 | D:3      | Reached skill level 4 in Spellcasting
  3546 | D:3      | Reached XP level 6. HP: 26/45 MP: 7/12
  4239 | D:4      | Your scales start taking on a glossy black colour.
  4239 | D:4      | Reached XP level 7. HP: 33/50 MP: 10/13
  4239 | D:4      | Gained mutation: You are resistant to electric shocks.
                  | (rElec) [Black Draconian growth]
  4375 | D:4      | Found a burning altar of Makhleb.
  4794 | D:5      | Noticed Dowan
  4795 | D:5      | Noticed Duvessa
  4815 | D:5      | Killed Duvessa
  4891 | D:5      | Killed Dowan
  4891 | D:5      | Reached skill level 5 in Spellcasting
  5649 | D:5      | Killed Eustachio
  5813 | D:6      | Reached XP level 8. HP: 39/57 MP: 10/16
  5932 | D:6      | Found a stormy altar of Qazlal.
  5938 | D:6      | Noticed Grinder
  5967 | D:6      | Killed Grinder
  5967 | D:6      | Reached skill level 5 in Summonings
  6023 | D:6      | Found a burning altar of Makhleb.
  6145 | D:6      | Reached skill level 1 in Fighting
  6187 | D:6      | Found a staircase to the Ecumenical Temple.
  6194 | D:6      | Reached skill level 1 in Conjurations
  6198 | D:6      | Reached skill level 6 in Spellcasting
  6225 | Temple   | Entered the Ecumenical Temple
  6414 | Temple   | Became a worshipper of Sif Muna the Loreminder
  6437 | D:6      | Found Pitzigiy's Assorted Antiques.
  6455 | D:6      | Bought a silvery potion for 22 gold pieces
  6455 | D:6      | Bought a pair of boots for 112 gold pieces
  6455 | D:6      | Bought a twisted copper wand for 100 gold pieces
  6659 | D:6      | Found a glowing golden altar of the Shining One.
  6762 | D:7      | Found a sparkling altar of Nemelex Xobeh.
  6841 | D:7      | Found an ornate altar of the Wu Jian Council.
  7445 | D:7      | Reached XP level 9. HP: 67/69 MP: 18/18
  7481 | D:7      | Found a shimmering altar of Xom.
  7755 | D:7      | Learned a level 3 spell: Ozocubu's Armour
  7888 | D:8      | Noticed a two-headed ogre
  7904 | D:8      | HP: 1/70 [two-headed ogre/+0 giant club (14)]
  7912 | D:8      | Killed a two-headed ogre
  8460 | D:8      | Found a radiant altar of Vehumet.
  8486 | D:8      | Reached * piety under Sif Muna
  8633 | D:8      | Reached skill level 7 in Spellcasting
  9000 | D:8      | Found a blossoming altar of Fedhas.
  9038 | D:8      | Noticed a two-headed ogre
  9047 | D:8      | Killed a two-headed ogre
  9080 | D:8      | Reached skill level 5 in Dodging
  9409 | D:8      | Found a white marble altar of Elyvilon.
  9412 | D:8      | Reached skill level 5 in Conjurations
  9619 | D:9      | Noticed Prince Ribbit
  9626 | D:9      | Killed Prince Ribbit
  9626 | D:9      | Reached skill level 1 in Invocations
  9652 | D:9      | Reached ** piety under Sif Muna
  9685 | D:9      | Reached XP level 10. HP: 76/78 MP: 17/21
 10038 | D:9      | Reached skill level 8 in Spellcasting
 10040 | D:9      | Found a staircase to the Lair.
 10062 | D:9      | Slain by a troll

Levels and vault maps discovered:
D:1:      minmay_arrival_checkered_box, layout_loops_ring, serial_forest,
          infiniplex_forest_lined_corner, infiniplex_forest_clump_cross,
          infiniplex_forest_lined_3, feat_on_display
D:2:      layout_basic, minitemple, grunt_temple_overflow_open,
          chequers_ecumenical_altar_simple_redux, nicolae_underground_beach
D:3:      layout_basic, evilmike_ruin_ashenzari, biasface_ghost_orc_armoury
D:4:      layout_rooms, makhleb_heckhound_becter
D:5:      layout_loops_cross, first_ration, serial_shops, shop_statue,
          minmay_misc_feat_encased, uniq_duvessa, uniq_eustachio
D:6:      layout_rooms, old_standard_altar, tso_altar, lemuel_doored_altar,
          temple_pool_b, serial_shops, shop, uniq_grinder
D:7:      layout_loops_ring, kennysheep_little_box,
          nicolae_overflow_hidden_temple, kennysheep_big_empty_room,
          nemelex_xobeh_ov_fountains_minmay
D:8:      layout_loops_corners, marbit_many_paths, lemuel_round_altar,
          hangedman_little_slice_of_home, kennysheep_flooded_box
D:9:      layout_basic, minmay_lair_entry_grove,
          ploomutoo_gammafunk_ghost_potion_laboratory,
          minmay_misc_feat_secret_circle, uniq_harold, uniq_prince_ribbit1
Temple:   compressed_dpeg_triangle_lava_temple

Skill      XL: |  1  2  3  4  5  6  7  8  9 10 |
---------------+-------------------------------+-----
Dodging        | 2 3 5 |  5.8
Stealth        | 2 |  2.0
Spellcasting   | 3 4 5 6 7 8 |  8.0
Summonings     | 1 2 3 4 5 |  5.1
Ice Magic      | 5 6 7 |  7.0
Fighting       | 3 4 |  4.0
Conjurations   | 2 5 |  5.0
Invocations    | 1 2 |  2.8

Action                   |  1- 3 |  4- 6 |  7- 9 | 10-12 || total
-------------------------+-------+-------+-------+-------++-------
Melee: Unarmed           |     2 |       |       |       ||     2
       Short sword       |    31 |   108 |    28 |       ||   167
       Tailslap          |     6 |    21 |    22 |     6 ||    55
       Dagger            |       |       |    46 |       ||    46
       Whip              |       |       |    89 |    29 ||   118
 Cast: Freeze            |    28 |    99 |    94 |     2 ||   223
       Summon Ice Beast  |       |    12 |    72 |    16 ||   100
       Hailstorm         |       |       |     1 |     1 ||     2
       Ozocubu's Armour  |       |       |     1 |     1 ||     2
Evoke: Wand              |       |     1 |       |       ||     1
  Use: Scroll            |     1 |     3 |     9 |     1 ||    14
 Stab: Sleeping          |     4 |     6 |     1 |       ||    11
       Paralysed         |       |     2 |       |       ||     2
       Distracted        |       |     1 |       |     3 ||     4
  Eat: Chunk             |     1 |    13 |    17 |     4 ||    35
       Ration            |       |       |     3 |       ||     3
Armor: Skin              |    14 |    63 |   131 |    12 ||   220
Dodge: Dodged            |    49 |   133 |   209 |    40 ||   431

Table legend:
 A = Non-vault XP
 B = Vault XP
 C = Vault XP percentage of total XP
 D = Non-vault monster count
 E = Vault monster count
 F = Vault count percentage of total count
                 A         B        C        D         E       F
            +---------+---------+-------+---------+---------+-------
      Total |    5107 |    1340 |  20.8 |     195 |      32 |  14.1
            +---------+---------+-------+---------+---------+-------
        D:1 |      45 |       0 |   0.0 |      24 |       0 |   0.0
        D:2 |     157 |       0 |   0.0 |      31 |       0 |   0.0
        D:3 |     131 |     113 |  46.3 |      22 |       9 |  29.0
        D:4 |     369 |      21 |   5.4 |      18 |       1 |   5.3
        D:5 |     332 |     240 |  42.0 |      16 |       3 |  15.8
        D:6 |     809 |     145 |  15.2 |      20 |       1 |   4.8
        D:7 |     584 |       0 |   0.0 |      16 |       0 |   0.0
        D:8 |    1824 |     177 |   8.8 |      34 |       9 |  20.9
        D:9 |     856 |     644 |  42.9 |      14 |       9 |  39.1
            +---------+---------+-------+---------+---------+-------
